TOP OF THE 1ST |
Louisville Bats batting - Pitching for New Orleans Zephyrs : RHP David Laska
|
Pitching: RHP David Laska
|
|
Batting: SHB Paul Sandoval
|
0-0: Called Strike 0-1: Fly out, F7 (Flyball, 7, EV 88.8 MPH)
|
Batting: RHB Danny Real
|
0-0: Ball 1-0: Foul Ball, location: 2F 1-1: Ball 2-1: Foul Ball, location: 2F 2-2: Foul Ball, location: 2F 2-2: Ball 3-2: Foul Ball, location: 2F 3-2: Strikes out swinging
|
Batting: RHB Chase Briney
|
0-0: Ground out 6-3 (Groundball, 6, EV 90.6 MPH)
|
Top of the 1st over - 0 runs, 0 hits, 0 errors, 0 left on base; Louisville 0 - New Orleans 0 |
BOTTOM OF THE 1ST |
New Orleans Zephyrs batting - Pitching for Louisville Bats : LHP William Lobo
|
Pitching: LHP William Lobo
|
|
Batting: RHB Bill de Jesus
|
0-0: Ground out 5-3 (Groundball, 56, EV 88.8 MPH)
|
Batting: RHB Omar Contreras
|
0-0: Ball 1-0: Called Strike 1-1: Ball 2-1: Foul Ball, location: 2F 2-2: Ball 3-2: Base on Balls
|
Batting: RHB Alex Gomez
|
0-0: Ball 1-0: Called Strike 1-1: Swinging Strike 1-2: Strikes out swinging
|
Batting: RHB Gebre-Giorgios Tikolo
|
0-0: Called Strike 0-1: Called Strike 0-2: Ball 1-2: Foul Ball, location: 2F 1-2: Foul Ball, location: 2F 1-2: Ball 2-2: Foul Ball, location: 2F 2-2: Ball 3-2: Foul Ball, location: 2F 3-2: Foul Ball, location: 2F 3-2: Foul Ball, location: 2F 3-2: Foul Ball, location: 2F 3-2: Base on Balls Omar Contreras to second
|
Batting: RHB Chris Lee
|
0-0: Foul Ball, location: 2F 0-1: Swinging Strike 0-2: Ball 1-2: Fly out, F7 (Flyball, 78S, EV 81.9 MPH)
|
Bottom of the 1st over - 0 runs, 0 hits, 0 errors, 2 left on base; Louisville 0 - New Orleans 0 |
TOP OF THE 2ND |
Louisville Bats batting - Pitching for New Orleans Zephyrs : RHP David Laska
|
Batting: SHB Tim Utz
|
0-0: Ball 1-0: SINGLE (Line Drive, 89S, EV 108.1 MPH)
|
Batting: RHB Estanislau Gosendes
|
0-0: DOUBLE (Line Drive, 8RXD, EV 109.4 MPH) Tim Utz to third
|
Batting: RHB Chris Zamora
|
0-0: Ball 1-0: Called Strike 1-1: Foul Ball, location: 2F 1-2: Ground out 4-3 (Groundball, 4M, EV 108.8 MPH) Tim Utz scores Estanislau Gosendes to third
|
Batting: RHB Gerald de Vries
|
0-0: Ball 1-0: Ball 2-0: SINGLE (Line Drive, 4MD, EV 101.9 MPH) Estanislau Gosendes scores
|
Batting: RHB Yasusaburo Kuwahara
|
0-0: Foul Ball, location: 2F 0-1: Ball 1-1: Swinging Strike 1-2: Ball 2-2: Foul Ball, location: 2F 2-2: Ball 3-2: Strikes out swinging
|
Batting: RHB Casey Truax
|
0-0: Ball 1-0: Foul Ball, location: 2F 1-1: Ball 2-1: Swinging Strike 2-2: Foul Ball, location: 2F 2-2: Ball 3-2: Ground out 6-3 (Groundball, 6, EV 83.1 MPH)
|
Top of the 2nd over - 2 runs, 3 hits, 0 errors, 1 left on base; Louisville 2 - New Orleans 0 |
BOTTOM OF THE 2ND |
New Orleans Zephyrs batting - Pitching for Louisville Bats : LHP William Lobo
|
Batting: RHB Humberto Oros
|
0-0: Fly out, F9 (Flyball, 89M, EV 94.4 MPH)
|
Batting: RHB Kyle Ashton
|
0-0: Called Strike 0-1: Ball 1-1: Foul Ball, location: 2F 1-2: Ball 2-2: Foul Ball, location: 2F 2-2: Foul Ball, location: 2F 2-2: Foul Ball, location: 2F 2-2: Strikes out swinging
|
Batting: RHB Jesus Castillo
|
0-0: Ball 1-0: Called Strike 1-1: Fly out, F7 (Flyball, 7D, EV 94.4 MPH)
|
Bottom of the 2nd over - 0 runs, 0 hits, 0 errors, 0 left on base; Louisville 2 - New Orleans 0 |
TOP OF THE 3RD |
Louisville Bats batting - Pitching for New Orleans Zephyrs : RHP David Laska
|
Batting: SHB Paul Sandoval
|
0-0: Ball 1-0: Called Strike 1-1: Ball 2-1: Ground out 4-3 (Groundball, 4, EV 80.6 MPH)
|
Batting: RHB Danny Real
|
0-0: Ball 1-0: Ball 2-0: SINGLE (Line Drive, 9S, EV 109.4 MPH)
|
Pitching: LHP Jerry Woods
|
|
Batting: RHB Chase Briney
|
0-0: Called Strike 0-1: Ball 1-1: Ball 2-1: Foul Ball, location: 2F 2-2: Strikes out swinging
|
Batting: SHB Tim Utz
|
0-0: Ball 1-0: Ground out 4-3 (Groundball, 34, EV 101.2 MPH)
|
Top of the 3rd over - 0 runs, 1 hit, 0 errors, 1 left on base; Louisville 2 - New Orleans 0 |
BOTTOM OF THE 3RD |
New Orleans Zephyrs batting - Pitching for Louisville Bats : LHP William Lobo
|
Batting: RHB John Jackson
|
0-0: Ball 1-0: Ball 2-0: Foul Ball, location: 2F 2-1: Called Strike 2-2: Ground out 6-3 (Groundball, 6, EV 80.0 MPH)
|
Batting: RHB Bill de Jesus
|
0-0: Fly out, F8 (Flyball, 8RD, EV 109.4 MPH)
|
Batting: RHB Omar Contreras
|
0-0: Swinging Strike 0-1: Ground out 1-3 (Groundball, 13S, EV 73.8 MPH)
|
Bottom of the 3rd over - 0 runs, 0 hits, 0 errors, 0 left on base; Louisville 2 - New Orleans 0 |
TOP OF THE 4TH |
Louisville Bats batting - Pitching for New Orleans Zephyrs : LHP Jerry Woods
|
Batting: RHB Estanislau Gosendes
|
0-0: Called Strike 0-1: Foul Ball, location: 2F 0-2: Ball 1-2: Ball 2-2: Ball 3-2: Base on Balls
|
Pitching: RHP Doug Seliger
|
|
Batting: RHB Chris Zamora
|
0-0: Ball 1-0: Ball 2-0: Foul Ball, location: 2F 2-1: Swinging Strike 2-2: Strikes out swinging
|
Batting: RHB Gerald de Vries
|
0-0: Ball 1-0: Called Strike 1-1: Swinging Strike 1-2: Foul Ball, location: 2F 1-2: Fielders Choice at 2nd, 6-4 (Groundball, 6M, EV 83.1 MPH)
|
Batting: RHB Yasusaburo Kuwahara
|
0-0: Fly out, F4 (Popup, 4M, EV 75.0 MPH)
|
Top of the 4th over - 0 runs, 0 hits, 0 errors, 1 left on base; Louisville 2 - New Orleans 0 |
BOTTOM OF THE 4TH |
New Orleans Zephyrs batting - Pitching for Louisville Bats : LHP William Lobo
|
Batting: RHB Alex Gomez
|
0-0: Foul Ball, location: 2F 0-1: Foul Ball, location: 2F 0-2: Foul Ball, location: 2F 0-2: Foul Ball, location: 2F 0-2: Strikes out swinging
|
Batting: RHB Gebre-Giorgios Tikolo
|
0-0: Ball 1-0: Called Strike 1-1: Ball 2-1: Ball 3-1: Base on Balls
|
Batting: RHB Chris Lee
|
0-0: Called Strike 0-1: Ball 1-1: SINGLE (Line Drive, 4M, EV 98.8 MPH) Gebre-Giorgios Tikolo to second
|
Batting: RHB Humberto Oros
|
0-0: Called Strike 0-1: Ball 1-1: Grounds into double play, 6-4-3 (Groundball, 56, EV 98.8 MPH)
|
Bottom of the 4th over - 0 runs, 1 hit, 0 errors, 1 left on base; Louisville 2 - New Orleans 0 |
TOP OF THE 5TH |
Louisville Bats batting - Pitching for New Orleans Zephyrs : RHP Doug Seliger
|
Batting: RHB Casey Truax
|
0-0: Called Strike 0-1: Foul Ball, location: 2F 0-2: Strikes out swinging
|
Batting: SHB Paul Sandoval
|
0-0: Ball 1-0: Swinging Strike 1-1: Foul Ball, location: 2F 1-2: Ball 2-2: Strikes out looking
|
Batting: RHB Danny Real
|
0-0: Called Strike 0-1: Ball 1-1: Hit by Pitch
|
Batting: RHB Chase Briney
|
0-0: Ball Danny Real is caught stealing 2nd base 2-4
|
Top of the 5th over - 0 runs, 0 hits, 0 errors, 0 left on base; Louisville 2 - New Orleans 0 |
BOTTOM OF THE 5TH |
New Orleans Zephyrs batting - Pitching for Louisville Bats : LHP William Lobo
|
Batting: RHB Kyle Ashton
|
0-0: Ball 1-0: Called Strike 1-1: Foul Ball, location: 2F 1-2: Foul Ball, location: 2F 1-2: Strikes out looking
|
Batting: RHB Jesus Castillo
|
0-0: DOUBLE (Groundball, 5L, EV 103.8 MPH)
|
Batting: RHB John Jackson
|
0-0: Called Strike 0-1: Ball 1-1: Ball 2-1: Ball 3-1: Called Strike 3-2: Strikes out swinging
|
Batting: RHB Bill de Jesus
|
0-0: Called Strike 0-1: Ground out 6-3 (Groundball, 6, EV 104.4 MPH)
|
Bottom of the 5th over - 0 runs, 1 hit, 0 errors, 1 left on base; Louisville 2 - New Orleans 0 |
TOP OF THE 6TH |
Louisville Bats batting - Pitching for New Orleans Zephyrs : RHP Doug Seliger
|
Batting: RHB Chase Briney
|
0-0: Ball 1-0: Called Strike 1-1: Swinging Strike 1-2: Ground out 6-3 (Groundball, 6, EV 103.8 MPH)
|
Batting: SHB Tim Utz
|
0-0: Ball 1-0: Called Strike 1-1: Fly out, F6 (Popup, 6, EV 59.4 MPH)
|
Batting: RHB Estanislau Gosendes
|
0-0: Fly out, F8 (Flyball, 8LXD, EV 97.5 MPH)
|
Top of the 6th over - 0 runs, 0 hits, 0 errors, 0 left on base; Louisville 2 - New Orleans 0 |
BOTTOM OF THE 6TH |
New Orleans Zephyrs batting - Pitching for Louisville Bats : LHP William Lobo
|
Batting: RHB Omar Contreras
|
0-0: Ball 1-0: Ball 2-0: Ball 3-0: Base on Balls
|
Batting: RHB Alex Gomez
|
0-0: Ball 1-0: Called Strike 1-1: Swinging Strike 1-2: Strikes out swinging
|
Batting: RHB Gebre-Giorgios Tikolo
|
0-0: Called Strike 0-1: Ball 1-1: Ball 2-1: Grounds into double play, 1-6-3 (Groundball, 13S, EV 64.4 MPH)
|
Bottom of the 6th over - 0 runs, 0 hits, 0 errors, 0 left on base; Louisville 2 - New Orleans 0 |
TOP OF THE 7TH |
Louisville Bats batting - Pitching for New Orleans Zephyrs : RHP Doug Seliger
|
Pitching: RHP Jose Ramirez
|
|
Batting: RHB Chris Zamora
|
0-0: Ground out 6-3 (Groundball, 6, EV 100.0 MPH)
|
Batting: RHB Gerald de Vries
|
0-0: Called Strike 0-1: Foul Ball, location: 2F 0-2: Foul Ball, location: 2F 0-2: Foul Ball, location: 2F 0-2: Fly out, F3 (Popup, 3SF, EV 75.6 MPH)
|
Batting: RHB Yasusaburo Kuwahara
|
0-0: Fly out, F9 (Flyball, 9S, EV 91.9 MPH)
|
Top of the 7th over - 0 runs, 0 hits, 0 errors, 0 left on base; Louisville 2 - New Orleans 0 |
BOTTOM OF THE 7TH |
New Orleans Zephyrs batting - Pitching for Louisville Bats : LHP William Lobo
|
Batting: RHB Chris Lee
|
0-0: Ball 1-0: Ball 2-0: Called Strike 2-1: Foul Ball, location: 2F 2-2: Foul Ball, location: 2F 2-2: Ball 3-2: Base on Balls
|
Pitching: LHP Elijah McLeod
|
|
Batting: RHB Humberto Oros
|
0-0: Bunted foul 0-1: Ball 1-1: Sac Bunt to 23 - play at first, batter OUT! 3-4 Chris Lee to second
|
Batting: RHB Kyle Ashton
|
0-0: Ball 1-0: Swinging Strike 1-1: Fly out, F1 (Line Drive, P, EV 68.8 MPH)
|
Batting: RHB Jesus Castillo
|
0-0: Ball 1-0: Ball 2-0: SINGLE (Groundball, 6D, EV 97.5 MPH) Chris Lee to third Runner from 3rd tries for Home, SAFE, throw by LF to home
|
Batting: RHB John Jackson
|
0-0: Ball 1-0: Called Strike 1-1: Foul Ball, location: 2F 1-2: Ball 2-2: Strikes out swinging
|
Bottom of the 7th over - 1 run, 1 hit, 0 errors, 1 left on base; Louisville 2 - New Orleans 1 |
TOP OF THE 8TH |
Louisville Bats batting - Pitching for New Orleans Zephyrs : RHP Jose Ramirez
|
Batting: RHB Casey Truax
|
0-0: Ground out 1-3 (Groundball, 15S, EV 68.8 MPH)
|
Batting: SHB Paul Sandoval
|
0-0: Called Strike 0-1: Ball 1-1: Ball 2-1: Swinging Strike 2-2: Strikes out swinging
|
Batting: RHB Danny Real
|
0-0: Ball 1-0: Called Strike 1-1: Ball 2-1: Ball 3-1: Ground out 5-3 (Groundball, 56S, EV 68.1 MPH)
|
Top of the 8th over - 0 runs, 0 hits, 0 errors, 0 left on base; Louisville 2 - New Orleans 1 |
BOTTOM OF THE 8TH |
New Orleans Zephyrs batting - Pitching for Louisville Bats : LHP Elijah McLeod
|
Batting: RHB Bill de Jesus
|
0-0: Called Strike 0-1: Swinging Strike 0-2: Ball 1-2: Strikes out swinging
|
Batting: RHB Omar Contreras
|
0-0: Called Strike 0-1: Called Strike 0-2: Ball 1-2: Ball 2-2: Strikes out looking
|
Batting: RHB Alex Gomez
|
0-0: Ball 1-0: Called Strike 1-1: Called Strike 1-2: Fly out, F9 (Flyball, 9S, EV 89.4 MPH)
|
Bottom of the 8th over - 0 runs, 0 hits, 0 errors, 0 left on base; Louisville 2 - New Orleans 1 |
TOP OF THE 9TH |
Louisville Bats batting - Pitching for New Orleans Zephyrs : RHP Jose Ramirez
|
Pitching: RHP Matt Murray
|
|
Batting: RHB Chase Briney
|
0-0: Called Strike 0-1: Ball 1-1: Foul Ball, location: 2F 1-2: Ground out 1-3 (Groundball, P, EV 61.2 MPH)
|
Batting: SHB Tim Utz
|
0-0: Foul Ball, location: 2F 0-1: Ball 1-1: Foul Ball, location: 2F 1-2: Strikes out looking
|
Batting: RHB Estanislau Gosendes
|
0-0: Ball 1-0: Ball 2-0: Called Strike 2-1: Ball 3-1: Ground out 6-3 (Groundball, 56, EV 80.6 MPH)
|
Top of the 9th over - 0 runs, 0 hits, 0 errors, 0 left on base; Louisville 2 - New Orleans 1 |
BOTTOM OF THE 9TH |
New Orleans Zephyrs batting - Pitching for Louisville Bats : LHP Elijah McLeod
|
Pitching: LHP Matt Walton
|
|
Batting: RHB Gebre-Giorgios Tikolo
|
0-0: Called Strike 0-1: Foul Ball, location: 2F 0-2: Strikes out swinging
|
Batting: RHB Chris Lee
|
0-0: Foul Ball, location: 2F 0-1: Fly out, F9 (Flyball, 89M, EV 88.1 MPH)
|
Batting: RHB Humberto Oros
|
0-0: Called Strike 0-1: Foul Ball, location: 2F 0-2: Ball 1-2: Foul Ball, location: 2F 1-2: Fly out, F4 (Line Drive, 4, EV 68.8 MPH)
|
Bottom of the 9th over - 0 runs, 0 hits, 0 errors, 0 left on base; Louisville 2 - New Orleans 1 |
|